 Dungeon Crawl Stone Soup version 0.20-a0-556-g892c87b (webtiles) character file.

16 drasked the Sneak (level 2, -2/13 HPs)
             Began as a Spriggan Enchanter on Feb 4, 2017.
             Killed from afar by Sigmund (8 damage)
             ... with a puff of flame
             ... on level 2 of the Dungeon.
             The game lasted 00:01:55 (910 turns).

drasked the Sneak (Spriggan Enchanter)               Turns: 910, Time: 00:01:56

Health: -2/13      AC:  2    Str:  4    XL:     2   Next: 41%
Magic:  4/7        EV: 18    Int: 16    God:
Gold:   34         SH:  0    Dex: 16    Spells: 4/7 levels left

rFire    . . .     SeeInvis +   a - +1 dagger
rCold    . . .     Gourm    .   b - +0 robe
rNeg     . . .     Faith    .   (shield restricted)
rPois    .         Spirit   .   (helmet restricted)
rElec    .         Reflect  .   (no cloak)
rCorr    .         Harm     .   (gloves unavailable)
MR       .....                  (boots unavailable)
Stlth    +++.......             (no amulet)
Regen    0.1/turn               (no ring)
                                (no ring)

@: very quick
A: unfitting armour, see invisible, herbivore 3, speed 3, slow metabolism 2
a: no special abilities


You were on level 2 of the Dungeon.
You were not hungry.

You visited 1 branch of the dungeon, and saw 2 of its levels.

You collected 34 gold pieces.

Inventory:

Hand Weapons
 a - a +1 dagger (weapon)
Armour
 b - a +0 robe (worn)
Jewellery
 g - an uncursed ring of magical power {unknown}
   (You found it on level 1 of the Dungeon)
Scrolls
 e - a scroll of enchant weapon {unknown}
 f - a scroll of enchant armour {unknown}
 k - a scroll of teleportation {unknown}
Potions
 i - a potion of haste {unknown}
 l - a potion of heal wounds {unknown}
 m - 2 potions of lignification {unknown}
Books
 c - a book of Maledictions
Comestibles
 d - a bread ration {@e1}
 h - 3 fruits
 j - a royal jelly


   Skills:
 + Level 1.3 Short Blades
 - Level 3.0 Dodging
 + Level 4.8 Stealth
 * Level 3.4 Spellcasting
 + Level 3.7 Hexes


You had 4 spell levels left.
You knew the following spells:

 Your Spells              Type           Power        Failure   Level  Hunger
a - Ensorcelled Hibernat  Hex/Ice        #.....       14%         2    ##.....
v - Corona                Hex            ##.....      4%          1    None


Dungeon Overview and Level Annotations

Branches:
Dungeon (2/15)

Altars:

Annotations:
D:2 Sigmund


Innate Abilities, Weirdness & Mutations

You are very small and have problems with some larger weapons.
You are too small for most types of armour.
You have supernaturally acute eyesight. (SInv)
You are a herbivore.
You cover ground extremely quickly.
You need consume almost no food.


Message History

Aim: a kobold, wielding a dagger (chance to defeat MR: 57%)
The kobold looks drowsy...
You now have 5/7 mp.
The helpless kobold fails to defend itself.
You impale the kobold!!
You kill the kobold!
Aim: a leopard gecko (almost dead, clinging, chance to defeat MR: 57%)
The leopard gecko looks drowsy...
You now have 3/7 mp.
The helpless leopard gecko fails to defend itself.
You impale the leopard gecko!!
You kill the leopard gecko!
You start resting.
Things that are here:
a dagger; a leopard gecko skeleton; a kobold skeleton; Health restored: 13 MP restored: 7 You see here a stone.
You see here a stone.
You see here a stone.
A kobold comes into view. It is wielding a short sword.
A kobold is nearby!
You see here a bubbling clear potion.
The kobold shouts!
The kobold closely misses you.
Aim: a kobold, wielding a short sword (chance to defeat MR: 57%)
The kobold looks drowsy...
You now have 5/7 mp.
The helpless kobold fails to defend itself.
You impale the kobold!!
You kill the kobold!
Things that are here:
a short sword; a stone
l - a bubbling clear potion
Things that are here:
a short sword; a stone You see here a robe.
There is a stone staircase leading down here.
You see here a spear.
A bat comes into view.
MP restored: 7 A bat is nearby!
The helpless bat fails to defend itself.
You impale the bat!!
You kill the bat!
A kobold comes into view.
A kobold is nearby!
A kobold is nearby!
A kobold is nearby!
You barely miss the kobold.
The kobold shouts!
The kobold hits you.
You take 3 damage, and have 10/13 hp.
MASSIVE DAMAGE!!
You hit the kobold. You barely miss the kobold. The kobold hits you.
You take 2 damage, and have 8/13 hp.
You hit the kobold.
You kill the kobold!
No target in view!
No target in view!
You start resting.
Health restored: 13 Done exploring.
Done exploring.
Done exploring.
Done exploring.
Done exploring.
There is a stone staircase leading down here.
You climb downwards.
There is a stone staircase leading up here.
m - 2 emerald potions You now have 34 gold pieces (gained 14).
You open the door.
There is an open door here.
Sigmund the Dreaded comes into view.
He is wielding a scythe.
Sigmund shouts!
Aim: Sigmund, wielding a scythe and wearing a robe (chance to defeat MR: 49%) Sigmund resists with some effort.
You now have 5/7 mp.
Aim: Sigmund, wielding a scythe and wearing a robe (chance to defeat MR: 49%) Sigmund looks drowsy...
You now have 3/7 mp.
The helpless Sigmund fails to defend himself.
You impale Sigmund!! Sigmund casts a spell at you. The puff of flame hits you!
Ouch! That really hurt!
You take 7 damage, and have 6/13 hp.
MASSIVE DAMAGE!!
Sigmund casts a spell at you.
You are confused.
Sigmund completely misses you.
You bump into the rock wall.
Sigmund points at you and mumbles some strange words.
You resist with some effort.
You feel less confused. Sigmund gestures at you while chanting.
The puff of flame hits you!
Ouch! That really hurt!
You die...

.........#+# ###
......... .# ...
........##.##.#
.....[).......#+#
....#+#.@........ .
+.......... #.
#.......... #.
##.#...####
#.######@#####
#.....##'#####
#.....#......#
+.....#......#
#............#
#..<.........###
#.........)........
#.............#####
#.....##......#


You could see Sigmund.

Vanquished Creatures
  A dart slug (D:1)
  A leopard gecko (D:1)
  A giant cockroach (D:1)
  2 hobgoblins (D:1)
  3 kobolds (D:1)
  3 bats (D:1)
  4 rats (D:1)
15 creatures vanquished.

Notes
Turn   | Place    | Note
-------+----------+-------------------------------------------
     0 | D:1      | drasked the Spriggan Enchanter began the quest for the Orb.
     0 | D:1      | Reached XP level 1. HP: 9/9 MP: 5/5
    51 | D:1      | Reached skill level 3 in Spellcasting
   154 | D:1      | Reached XP level 2. HP: 13/13 MP: 7/7
   161 | D:1      | Learned a level 2 spell: Ensorcelled Hibernation
   325 | D:1      | HP: 3/13 [leopard gecko (5)]
   893 | D:2      | Noticed Sigmund
   910 | D:2      | Killed from afar by Sigmund

Vault maps used:
D:1:      minmay_arrival_hallway, item_on_display_a
D:2:      uniq_terence, uniq_sigmund

Skill      XL: |  1 |
---------------+----+-----
Spellcasting   | 3 |  3.4
Short Blades   | |  1.3
Dodging        | |  3.0
Stealth        | |  4.8
Hexes          | |  3.7

Action                   || total
-------------------------++-------
Melee: Dagger            ||    40
 Cast: Ensorcelled Hiber ||     5
 Stab: Sleeping          ||    11
Armor: Robe              ||     1
Dodge: Dodged            ||    24

Vault maps used:
D:1:      minmay_arrival_hallway, item_on_display_a
D:2:      uniq_terence, uniq_sigmund

Table legend:
 A = Turns spent in this place as a percentage of turns spent in the entire game.
 B = Non-inter-level travel turns spent in this place as a percentage of non-inter-level travel turns spent in the entire game.
 C = Inter-level travel turns spent in this place as a percentage of turns spent in this place.
 D = Turns resting spent in this place as a percentage of non-inter-level travel turns spent in this place.
 E = Turns spent auto-exploring this place as a percentage of non-inter-level travel turns spent in this place.
 F = Non-inter-level travel turns spent in this place divided by the number of levels of this place that you've seen.
                   A       B       C       D       E      F
               +-------+-------+-------+-------+-------+----------------------
         Total | 100.0 | 100.0 |   0.4 |   2.4 |  10.8 | 124.5
       Dungeon | 100.0 | 100.0 |   0.4 |   2.4 |  10.8 | 124.5
               +-------+-------+-------+-------+-------+----------------------

Table legend:
 A = Kills in this place as a percentage of kills in entire the game.
 B = Kills by you in this place as a percentage of kills by you in the entire game.
 C = Kills by friends in this place as a percentage of kills by friends in the entire game.
 D = Other kills in this place as a percentage of other kills in the entire game.
 E = Experience gained in this place as a percentage of experience gained in the entire game.
 F = Experience gained in this place divided by the number of levels of this place that you have seen.
                   A       B       C       D       E      F
               +-------+-------+-------+-------+-------+----------------------
         Total | 100.0 | 100.0 |  -nan |  -nan | 100.0 |  12.0
       Dungeon | 100.0 | 100.0 |  -nan |  -nan | 100.0 |  12.0
               +-------+-------+-------+-------+-------+----------------------
